 Dungeon Crawl Stone Soup version 0.31-a0-233-g139696dc86 (webtiles) character file.

Game seed: 2332379839127701524

44 qw the Shooter (level 3, 0/21 HPs)
             Began as a Gargoyle Hexslinger on July 7, 2023.
             Slain by Natasha (1 damage)
             ... on level 2 of the Dungeon.
             The game lasted 00:00:26 (866 turns).

qw the Shooter (Gargoyle Hexslinger)                 Turns: 866, Time: 00:00:27

Health: 0/21       AC:  0    Str: 11    XL:     3   Next: 60%
Magic:  4/4        EV: 19    Int: 13    God:
Gold:   49         SH:  0    Dex: 19    Spells: 3/4 levels left

rFire   . . .        Y - melded +3 sling
rCold   . . .        (shield currently unavailable)
rNeg    + . .        c - melded +0 robe
rPois   inf          (helmet currently unavailable)
rElec   .            d - melded +0 cloak
rCorr   .            (gloves currently unavailable)
SInv    .            (boots currently unavailable)
Will    .....        (no amulet)
Stlth   ++           (ring currently unavailable)
HPRegen 0.23/turn    (ring currently unavailable)
MPRegen 0.09/turn

%: no passive effects
@: bat-form (expiring), flying, very quick
A: fast, flying, no casting, sickness immunity, AC +3, tiny, negative energy
resistance 1, (electricity resistance), torment resistance 1, petrification
resistance
a: no special abilities


You were on level 2 of the Dungeon.
You were a bat.
You visited 1 branch of the dungeon, and saw 2 of its levels.

You collected 49 gold pieces.


Innate Abilities, Weirdness & Mutations

You are a bat.
You are tiny and dextrous.
You move quickly.
You are flying.
Your equipment is almost entirely melded.
You are incapable of wielding weapons or throwing items.
You cannot cast spells.
You are immune to sickness and miasma.
((Your stone body is resilient. (AC +3)))
You are immune to poison.
You resist negative energy. (rN+)
((You are resistant to electric shocks. (rElec)))
You are resistant to unholy torment.
You are immune to petrification.


   Skills:
 - Level 2.0 Fighting
 + Level 3.5 Ranged Weapons
 - Level 1.5 Dodging
 - Level 1.0 Spellcasting
 - Level 2.6 Hexes


You had 3 spell levels left.
You knew the following spells:

 Your Spells              Type           Power      Damage    Failure   Level
a - Slow                  Hex            28%        N/A       10%         1

Your spell library contained the following spells:

 Spells                   Type           Power      Damage    Failure   Level
 Inner Flame              Hex/Fire       4%         N/A       43%         3
 Portal Projectile        Hex/Tloc       8%         N/A       43%         3
 Cause Fear               Hex            3%         N/A       67%         4

Inventory:

Hand Weapons
 Y - a +3 sling (melded)
Armour
 a - a +0 ring mail
 c - a +0 robe (melded)
 d - a +0 cloak (melded)
Scrolls
 e - a scroll of fear {unknown}
Potions
 b - a potion of enlightenment {unknown}
 g - a potion of curing {unknown}
 h - a potion of invisibility {unknown}
 i - a potion of might {unknown}

Dungeon Overview and Level Annotations

Branches:
Dungeon (2/15)

Altars:

Annotations:
D:2 Natasha


Message History

851 ||| FLEEEEING.
852 ||| FLEEEEING.
853 ||| FLEEEEING.
854 ||| FLEEEEING.
855 ||| FLEEEEING.
Natasha mumbles some strange words.
You hit the endoplasm.
The endoplasm is moderately wounded.
The endoplasm barely misses you.
You hit the endoplasm but do no damage.
The endoplasm is moderately wounded.
The endoplasm barely misses you. The cerulean imp completely misses you.
You hit the endoplasm.
The endoplasm is heavily wounded.
The endoplasm freezes you.
You are frozen.
The cerulean imp closely misses you.
You hit the endoplasm but do no damage.
The endoplasm is heavily wounded.
The endoplasm freezes you.
You are frozen.
You hit the endoplasm.
The endoplasm is almost dead.
The cerulean imp hits you from afar with a +0 spear.
The endoplasm freezes you.
You are frozen.
You hit the endoplasm but do no damage.
The endoplasm is almost dead.
The cerulean imp completely misses you. The endoplasm misses you.
You completely miss the endoplasm.
The endoplasm is almost dead.
The cerulean imp hits you from afar with a +0 spear.
The endoplasm freezes you.
You are frozen.
You hit the endoplasm.
You kill the endoplasm!
The cerulean imp hits you from afar with a +0 spear.
You hit Natasha but do no damage.
Your transformation is almost over.
Natasha claws you.
You die...

+.....>.# #..h....#
#.......# #'# #.# .####
#######.# ....#
#.....5.#
....#######.####h#
....#.......#..#b#
....#.####.....#+####
..[.#.#..#.#.....>....
....#.#..#.#...........
....#.#..#.#...........#
......#................#
.#######.#....<........#
+## #...#.#...........#
..# #.###.+...........#


You could see Natasha and a cerulean imp (summoned).

Vanquished Creatures
  A worm (D:2)
  2 dart slugs (D:1)
  5 bats (D:1)
  2 endoplasms (D:2)
  2 goblins
  4 hobgoblins
  3 kobolds (D:1)
  A quokka (D:2)
  4 ball pythons
  9 frilled lizards (D:1)
  3 rats
36 creatures vanquished.

Notes
Turn   | Place    | Note
-------+----------+-------------------------------------------
     0 | D:1      | qw the Gargoyle Hexslinger began the quest for the Orb.
     0 | D:1      | Reached XP level 1. HP: 12/12 MP: 2/2
     0 | D:1      | 0 ||| qw: Version: 0.3-a-46-gb1f654a
     0 | D:1      | 0 ||| qw: Game counter: 3074
     0 | D:1      | 0 ||| qw: Melee chars always use a shield: true
     0 | D:1      | 0 ||| qw: God list: Okawaru
     0 | D:1      | 0 ||| qw: Allow faded altars: false
     0 | D:1      | 0 ||| qw: Do Orc after clearing Dungeon:15 true
     0 | D:1      | 0 ||| qw: Do second Lair branch before Depths: true
     0 | D:1      | 0 ||| qw: Lair rune preference: random
     0 | D:1      | 0 ||| qw: Goals: Normal
     0 | D:1      | 0 ||| PLANNING D:1-11
    53 | D:1      | Reached XP level 2. HP: 16/16 MP: 3/3
    76 | D:1      | Reached skill level 3 in Ranged Weapons
   320 | D:1      | Found a faded altar of an unknown god.
   357 | D:1      | Reached XP level 3. HP: 21/21 MP: 4/4
   459 | D:1      | 459 ||| UPGRADING to +0 cloak.
   464 | D:1      | 464 ||| READING scroll labelled RADA JIMUSUYPT.
   465 | D:1      | 465 ||| READING scroll labelled YMYUDGH SUATAERGH.
   466 | D:1      | 466 ||| DROPPING scroll of poison.
   606 | D:2      | 606 ||| READING scroll of enchant weapon.
   606 | D:2      | 606 ||| ENCHANTING +2 sling.
   847 | D:2      | Noticed Natasha
   849 | D:2      | 849 ||| FLEEEEING.
   851 | D:2      | 851 ||| FLEEEEING.
   852 | D:2      | 852 ||| FLEEEEING.
   853 | D:2      | 853 ||| FLEEEEING.
   854 | D:2      | 854 ||| FLEEEEING.
   855 | D:2      | 855 ||| FLEEEEING.
   864 | D:2      | HP: 5/21 [cerulean imp/+0 spear[Natasha] (3)]
   864 | D:2      | HP: 1/21 [frozen (4)]
   866 | D:2      | Slain by Natasha

Levels and vault maps discovered:
D:1:      matt_arrival_grand_opening, layout_basic,
          ebering_ecumenical_altar_mist, hangedman_decor_push,
          minmay_lizard_pond
D:2:      layout_basic, uniq_natasha

Skill      XL: |  1  2  3 |
---------------+----------+-----
Ranged Weapons | 3 |  3.5
Fighting       | 2 |  2.0
Dodging        | |  1.5
Spellcasting   | |  1.0
Hexes          | |  2.6

Action                     || total
---------------------------++-------
  Melee: Unarmed           ||     9
   Fire: Sling             ||    96
    Use: Scroll            ||     3
 Armour: Robe              ||    29
  Dodge: Dodged            ||    69

Table legend:
 A = Non-vault XP
 B = Vault XP
 C = Vault XP percentage of total XP
 D = Non-vault monster count
 E = Vault monster count
 F = Vault count percentage of total count
                 A         B        C        D         E       F
            +---------+---------+-------+---------+---------+-------
      Total |      56 |       7 |  11.1 |      29 |       7 |  19.4
            +---------+---------+-------+---------+---------+-------
        D:1 |      32 |       7 |  17.9 |      17 |       7 |  29.2
        D:2 |      24 |       0 |   0.0 |      12 |       0 |   0.0
            +---------+---------+-------+---------+---------+-------
